 Dungeon Crawl Stone Soup version 0.28.0 (webtiles) character file.

Game seed: 15388594478342952145

4106 browni3141 the Cleaver (level 10, -12/135 HPs)
             Began as a Minotaur Berserker on Feb 17, 2022.
             Was a Believer of Trog.
             Mangled by an orc knight (33 damage)
             ... in a bailey.
             The game lasted 00:05:19 (9710 turns).

browni3141 the Cleaver (Minotaur Berserker)         Turns: 9710, Time: 00:05:20

Health: -12/135    AC:  8    Str: 25    XL:     10   Next: 6%
Magic:  18/18      EV: 11    Int:  4    God:    Trog [**....]
Gold:   292        SH:  0    Dex: 17    Spells: 9/9 levels left

rFire   . . .      SeeInvis .   B - +1 hand axe (vorpal)
rCold   . . .      Faith    .   (no shield)
rNeg    . . .      Spirit   .   j - +0 scale mail
rPois   .          Reflect  .   (helmet restricted)
rElec   .          Harm     .   (no cloak)
rCorr   .          Rampage  .   (no gloves)
Will    .....                   (no boots)
Stlth   ..........              (no amulet)
HPRegen 0.32/turn               X - +6 ring of dexterity
MPRegen 0.16/turn               W - ring of magical power

@: berserking (expiring), very quick
A: horns 2, retaliatory headbutt
a: Renounce Religion, Berserk, Trog's Hand


You were in a bailey.
You worshipped Trog.
Trog was pleased with you.
You visited 1 branch of the dungeon, and saw 7 of its levels.
You also visited: Bailey.

You collected 292 gold pieces.


Innate Abilities, Weirdness & Mutations

You have a pair of horns on your head.
You reflexively headbutt those who attack you in melee.


   Skills:
 + Level 8.8 Fighting
 * Level 11.9 Axes
 + Level 8.4 Armour
 - Level 2.1 Dodging
 + Level 4.9 Evocations


You had 9 spell levels left.
You didn't know any spells.
Your spell library was empty.

Inventory:

Hand Weapons
 a - a +0 hand axe
 B - a +1 vorpal hand axe (weapon)
Armour
 b - a +0 animal skin
 j - a +0 scale mail (worn)
Jewellery
 I - a +6 ring of intelligence
 W - a ring of magical power (right hand)
 X - a +6 ring of dexterity (left hand)
Wands
 r - a wand of iceblast (3)
 x - a wand of polymorph (8)
 A - a wand of flame (11)
 C - a wand of mindburst (9)
Scrolls
 c - 3 scrolls of teleportation {@r4}
 e - a scroll of enchant armour
 g - a scroll of noise {!r}
 h - 2 scrolls of enchant weapon
 k - a scroll of fear {unknown}
 l - a scroll of immolation {unknown}
 m - 2 scrolls of vulnerability {unknown}
 s - a scroll of silence {unknown}
 u - a scroll of fog {unknown}
 y - a scroll of amnesia
Potions
 d - a potion of curing {@q1}
 f - a potion of invisibility {unknown}
 i - 2 potions of haste {unknown}
 p - a potion of mutation {unknown}
 q - 2 potions of magic
 t - a potion of cancellation {unknown}
 v - 2 potions of lignification {unknown}
 w - a potion of flight {unknown}
 z - 2 potions of berserk rage {unknown}

Dungeon Overview and Level Annotations

Branches:
Dungeon (7/15)             Temple (0/1) D:5          Bailey (1/1)

Altars:
Makhleb

...≈≈¦.¦¦≈......¦¦¦......≈¦¦)¦≈≈.
....≈≈.≈≈≈...¦¦¦¦¦¦¦¦¦...≈≈≈)≈≈..
............¦¦.......¦¦..........
...........¦¦..¦'¦'¦..¦¦.........
...........¦..¦¦)¦)¦¦..¦.........
..........¦¦.¦¦¦¦¦¦¦¦¦.¦¦........
..........¦¦.'.¦!o)¦)'.¦¦........
..........¦¦.¦¦¦o8.¦¦¦.¦¦........
..........¦¦.')¦@)o¦)'.¦¦........
..........¦¦.¦¦¦¦'¦¦¦¦.¦¦........
...........¦..¦¦∩)∩¦¦..¦¦........
...........¦¦..¦'''¦¦............
............¦¦.....¦¦............
....≈≈.≈≈≈...¦¦....¦¦....≈≈≈.≈≈..
...≈≈¦)¦¦≈....¦¦¦¦¦¦¦....≈¦¦.¦≈≈.
...≈¦¦)∩¦≈...............≈¦∩.¦¦≈.
...≈¦.....................))..¦≈.


You could see an orc knight (strong) and 2 orc warriors.


Message History

You closely miss the orc knight.
The orc warrior hits you from afar with a +0 trident!
* * * LOW HITPOINT WARNING * * *
You closely miss the orc knight.
The orc knight is severely wounded.
You completely miss the orc knight.
The orc knight hits you with a +0 glaive.
* * * LOW HITPOINT WARNING * * *
The orc warrior hits you from afar with a +0 trident!
* * * LOW HITPOINT WARNING * * *
The orc knight hits you with a +0 glaive!
* * * LOW HITPOINT WARNING * * *
You are too injured to fight recklessly!
You are too injured to fight recklessly!
You are too injured to fight recklessly!
You are too injured to fight recklessly!
You hit the orc knight.
The orc knight is severely wounded.
You closely miss the orc knight.
Unknown command.
You slash the orc knight! You headbutt the orc knight.
You kill the orc knight!
Trog accepts your kill.
You hit the orc knight.
The orc warrior hits you from afar with a +0 trident.
* * * LOW HITPOINT WARNING * * *
The orc warrior hits you from afar with a +0 trident!
* * * LOW HITPOINT WARNING * * *
The orc knight hits you with a +0 glaive!!
You die...

Skill      XL: |  1  2  3  4  5  6  7  8  9 |
---------------+----------------------------+-----
Axes           | 4 5 6 7 8 10 11 | 11.9
Fighting       | 4 5 6 7 8 |  8.8
Armour         | 3 4 5 7 8 |  8.4
Evocations     | 1 3 4 |  4.9
Dodging        | |  2.1

Action                   |  1- 3 |  4- 6 |  7- 9 | 10-12 || total
-------------------------+-------+-------+-------+-------++-------
Melee: Hand axe          |    49 |    71 |   251 |    33 ||   404
       Headbutt          |    10 |     9 |    53 |     3 ||    75
       Punch             |       |     1 |     3 |       ||     4
Invok: Berserk           |     2 |     2 |    16 |     2 ||    22
       Trog's Hand       |       |       |     2 |       ||     2
Evoke: Wand              |       |       |     1 |       ||     1
  Use: Scroll            |     1 |       |     6 |       ||     7
       Potion            |       |       |     2 |       ||     2
 Stab: Distracted        |       |       |     1 |       ||     1
Armor: Animal skin       |     7 |       |       |       ||     7
       Scale mail        |     2 |    23 |   101 |     4 ||   130
Dodge: Dodged            |    23 |    31 |   150 |    17 ||   221

Levels and vault maps discovered:
D:1:      lordsloth_arrival_two_stooges, layout_basic, minmay_misc_feat_cross
D:2:      layout_basic
D:3:      layout_loops_ring, lightli_temple_of_fire,
          ebering_ecumenical_altar_rust
D:4:      layout_rooms, uniq_robin, uniq_ijyb, uniq_grinder
D:5:      kennysheep_windowed_halls, layout_loops_cross,
          minmay_temple_entry_purple_smoke, gammafunk_ghost_smash
D:6:      layout_loops_cross, uniq_menkaure
D:7:      layout_layer_cave, enter_bailey_4
Bailey:   bailey_polearm_2, bailey

Notes
Turn   | Place    | Note
-------+----------+-------------------------------------------
     0 | D:1      | browni3141 the Minotaur Berserker began the quest for the
                  | Orb.
     0 | D:1      | Reached XP level 1. HP: 19/19 MP: 0/0
   435 | D:1      | Reached skill level 4 in Axes
   445 | D:1      | Reached XP level 2. HP: 25/27 MP: 1/1
  1658 | D:2      | Reached skill level 4 in Fighting
  1658 | D:2      | Reached skill level 3 in Armour
  1658 | D:2      | Reached XP level 3. HP: 33/33 MP: 2/2
  2058 | D:3      | Found a faded altar of an unknown god.
  2150 | D:3      | Reached XP level 4. HP: 40/40 MP: 3/3
  2152 | D:3      | Reached ** piety under Trog
  2153 | D:3      | Reached skill level 5 in Axes
  2560 | D:3      | Noticed an ogre
  2568 | D:3      | Killed an ogre
  2569 | D:3      | Reached XP level 5. HP: 47/47 MP: 4/4
  2884 | D:3      | Reached skill level 6 in Axes
  2884 | D:3      | Reached skill level 4 in Armour
  2941 | D:3      | You fall into a shaft and drop 2 floors!
  2941 | D:5      | Entered Level 5 of the Dungeon
  2945 | D:5      | Reached skill level 5 in Fighting
  2988 | D:4      | Reached XP level 6. HP: 53/56 MP: 5/5
  3079 | D:4      | Noticed Grinder
  3085 | D:4      | Paralysed by Grinder for 7 turns
  3096 | D:4      | Killed Grinder
  3097 | D:4      | Reached skill level 7 in Axes
  3351 | D:4      | Noticed Ijyb
  3367 | D:4      | Killed Ijyb
  3368 | D:4      | Reached skill level 5 in Armour
  3368 | D:4      | Reached XP level 7. HP: 31/62 MP: 6/6
  3655 | D:3      | Found a burning altar of Makhleb.
  3794 | D:4      | Noticed Robin
  3802 | D:4      | Killed Robin
  4731 | D:5      | Reached skill level 6 in Fighting
  4731 | D:5      | Reached skill level 1 in Evocations
  4758 | D:5      | Reached skill level 8 in Axes
  4965 | D:5      | Reached XP level 8. HP: 59/71 MP: 7/7
  5008 | D:5      | HP: 3/71 [poisoned by a scorpion]
  5011 | D:5      | Reached skill level 2 in Evocations
  5313 | D:5      | Reached skill level 6 in Armour
  5358 | D:5      | Reached skill level 9 in Axes
  5359 | D:5      | Reached skill level 7 in Fighting
  5651 | D:5      | Identified the +9 giant spiked club "Qylyoc" {freeze, Will+
                  | Int+4}
  5721 | D:5      | Reached skill level 3 in Evocations
  6270 | D:5      | Found a staircase to the Ecumenical Temple.
  6292 | D:5      | Found a transporter.
  6293 | D:5      | Noticed psuckher's ghost (weakling TrDe)
  6298 | D:5      | Found a transporter.
  6422 | D:5      | Reached skill level 10 in Axes
  6424 | D:5      | Reached skill level 7 in Armour
  6424 | D:5      | Reached XP level 9. HP: 79/79 MP: 8/8
  6425 | D:5      | Killed psuckher's ghost
  7150 | D:6      | Noticed Menkaure
  7157 | D:6      | Killed Menkaure
  7420 | D:6      | Reached skill level 8 in Fighting
  7420 | D:6      | Reached skill level 4 in Evocations
  7830 | D:6      | Reached skill level 11 in Axes
  8491 | D:7      | Reached skill level 8 in Armour
  8605 | D:7      | Found a flagged portal.
  8769 | Bailey   | Entered a bailey
  9167 | Bailey   | Reached XP level 10. HP: 90/90 MP: 9/9
  9698 | Bailey   | Noticed an orc knight
  9698 | Bailey   | Noticed an orc knight
  9710 | Bailey   | Killed an orc knight
  9710 | Bailey   | Mangled by an orc knight

Vanquished Creatures
  An orc knight (Bailey)
  Grinder (D:4)
  2 yaks (D:5)
  Menkaure (D:6)
  2 water moccasins (D:5)
  8 orc warriors
  A black bear (D:5)
  A sky beast (D:5)
  2 necrophages (D:6)
  A centaur (D:6)
  6 ogres
  2 phantoms (D:5)
  A bullfrog (D:6)
  2 scorpions
  2 wyvern zombies
  The ghost of psuckher the Sneak, a weakling TrDe of Trog (D:5)
  3 killer bees (D:7)
  3 wights (D:6)
  A bullfrog zombie (D:5)
  A centaur skeleton (D:7)
  A jelly (D:5)
  An orc priest (D:7)
  6 hounds
  A gnoll shaman (D:6)
  3 iguanas (D:5)
  3 orc wizards
  Ijyb (D:4)
  A killer bee zombie (D:6)
  Robin (D:4)
  4 gnolls (D:6)
  8 adders
  3 white imps
  3 ufetubi (D:5)
  A worm (D:5)
  4 dart slugs
  22 orcs
  5 endoplasms
  A giant cockroach (D:3)
  16 goblins
  5 hobgoblins
  A quokka (D:5)
  4 ball pythons
  3 bats
  4 frilled lizards
  4 kobolds
  3 rats
151 creatures vanquished.

Vanquished Creatures (collateral kills)
  2 killer bees (D:7)
  An orc (D:7)
3 creatures vanquished.

Grand Total: 154 creatures vanquished

Table legend: (Time is in decaauts)
 A = Elapsed time spent in this place.
 B = Non-inter-level travel time spent in this place.
 C = Inter-level travel time spent in this place.
 D = Time resting spent in this place.
 E = Time spent auto-exploring this place.
 F = Levels seen in this place.
 G = Mean time per level.
                   A        B        C        D        E       F      G
               +--------+--------+--------+--------+--------+-----+--------+
         Total |   9857 |   9498 |    359 |   3602 |   4921 |   8 | 1232.1 |
       Dungeon |   8900 |   8541 |    359 |   3055 |   4610 |   7 | 1271.4 |
        Bailey |    957 |    957 |      0 |    547 |    311 |   1 |  957.0 |
               +--------+--------+--------+--------+--------+-----+--------+

Top non-repeatable levels by time:
     D:5: 2512 daAuts
     D:6: 1685 daAuts
     D:1: 1221 daAuts
     D:4: 1176 daAuts
     D:3: 1082 daAuts
  Bailey: 957 daAuts
     D:2: 850 daAuts
     D:7: 371 daAuts

Table legend:
 A = Non-vault XP
 B = Vault XP
 C = Vault XP percentage of total XP
 D = Non-vault monster count
 E = Vault monster count
 F = Vault count percentage of total count
                 A         B        C        D         E       F
            +---------+---------+-------+---------+---------+-------
      Total |    2394 |    4114 |  63.2 |      92 |      62 |  40.3
            +---------+---------+-------+---------+---------+-------
        D:1 |      21 |       0 |   0.0 |      10 |       0 |   0.0
        D:2 |      27 |       0 |   0.0 |       9 |       0 |   0.0
        D:3 |     269 |       0 |   0.0 |      22 |       0 |   0.0
        D:4 |      57 |     349 |  86.0 |       4 |      13 |  76.5
        D:5 |     399 |    1973 |  83.2 |      13 |      24 |  64.9
        D:6 |    1099 |     169 |  13.3 |      22 |       1 |   4.3
        D:7 |     522 |      11 |   2.1 |      12 |       5 |  29.4
     Bailey |       0 |    1612 | 100.0 |       0 |      19 | 100.0
            +---------+---------+-------+---------+---------+-------
